 Dungeon Crawl Stone Soup version 0.17.1-3-g152610e (webtiles) character file.

200 Kaname the Slasher (level 5, -2/41 HPs)
             Began as a Demigod Skald on Mar 10, 2016.
             Killed by divine providence
             ... invoked by an orc priest
              (14 damage)
             ... on level 3 of the Dungeon.
             The game lasted 00:09:09 (4037 turns).

Kaname the Slasher (Demigod Skald)                  Turns: 4037, Time: 00:09:09

Health: -2/41      AC:  8    Str: 20    XL:     5   Next: 24%
Magic:  8/10       EV: 11    Int: 18    God:
Gold:   54         SH:  0    Dex: 15    Spells: 3 memorised, 1 level left

rFire  . . .     SeeInvis .     a - +0 falchion
rCold  . . .     Clarity  .     b - +0 leather armour
rNeg   . . .     SustAt   +     (no shield)
rPois  .         Gourm    .     A - +0 helmet
rElec  .         Spirit   .     s - +2 cloak
rCorr  .         Warding  .     (no gloves)
rMut   .         Stasis   .     n - +0 pair of boots
MR     .....                    (no amulet)
Stlth  +.........               (no ring)
                                (no ring)

@: mighty, infused, not resistant to hostile enchantments, very unstealthy
A: high mp 1, sustain attributes
a: no special abilities


You were on level 3 of the Dungeon.
You were hungry.

You visited 1 branch of the dungeon, and saw 3 of its levels.

You collected 54 gold pieces.

Inventory:

Hand Weapons
 a - a +0 falchion (weapon)
Armour
 b - a +0 leather armour (worn)
 n - a +0 pair of boots (worn)
 s - a +2 cloak (worn)
 A - a +0 helmet (worn)
Scrolls
 h - 2 scrolls of teleportation
 i - 2 scrolls of magic mapping
 k - a scroll of remove curse
 l - a scroll of noise {unknown}
 m - a scroll of amnesia {unknown}
 p - a scroll of fog {unknown}
 r - a scroll of random uselessness {unknown}
 t - a scroll of enchant weapon {unknown}
 v - a scroll of immolation {unknown}
 w - a scroll of enchant armour {unknown}
 y - a scroll of recharging {unknown}
Potions
 e - a potion of might
 o - a potion of degeneration {unknown}
 x - a potion of flight {unknown}
Books
 c - a book of Battle

   Spells                             Type                      Level
   a - Infusion                       Charms                       1
   b - Shroud of Golubria             Charms/Translocation         2
   c - Song of Slaying                Charms                       2
   d - Spectral Weapon                Hexes/Charms                 3
   e - Regeneration                   Charms/Necromancy            3
Comestibles
 d - 3 bread rations
 f - a beef jerky
 g - 3 meat rations
 q - 2 fruits


   Skills:
 - Level 1.7 Fighting
 * Level 5.1 Long Blades
 - Level 0.8 Armour
 - Level 0.8 Dodging
 - Level 1.7 Spellcasting
 + Level 3.0 Charms


You had one spell level left.
You knew the following spells:

 Your Spells              Type           Power        Failure   Level  Hunger
a - Infusion              Chrm           ##....       10%         1    #......
b - Song of Slaying       Chrm           ##......     12%         2    ###....
c - Regeneration          Chrm/Necr      #.........   41%         3    ###....


Dungeon Overview and Level Annotations

Branches:
Dungeon (3/15)


Innate Abilities, Weirdness & Mutations

You have an increased reservoir of magic (+10% MP).
Your attributes are resistant to harm.


Message History

Drink which item? (? for menu, Esc to quit)
You feel very mighty all of a sudden. The orc wizard barely misses you.
You barely miss the orc wizard.
The orc wizard casts a cantrip, but nothing happens.
The orc priest casts a cantrip, but nothing happens.
You closely miss the orc wizard.
The orc priest invokes the aid of Beogh against you.
Something smites you!
The orc wizard hits you but does no damage.
You closely miss the orc wizard. The orc wizard hits you with a dagger.
* * * LOW HITPOINT WARNING * * *
You closely miss the orc wizard.
The orc wizard hits you but does no damage.
You closely miss the orc wizard.
The orc priest miscasts a cantrip.
The orc wizard completely misses you.
The orc priest invokes the aid of Beogh against you.
Something smites you!
You die...

..# ##..# # .... #. ...
#.. .. #..o###.###..
#..oo@#.#...#
#...##'##...# #.#..
#.#.....#
#...###.###...# #
#.........#...# #.######
.........)#...###.[.<..#
....................)...
##########..##########.#
#.## #####.#


You could see 2 orc priests and an orc wizard.

Vanquished Creatures
  Ijyb (D:3)
  Robin (D:3)
  4 gnolls (D:2)
  4 adders
  4 oozes
  2 giant geckos (D:1)
  5 bats
  3 giant cockroaches
  9 hobgoblins
  6 jackals
  4 kobolds (D:1)
  A quokka (D:2)
  A giant gecko skeleton (D:3)
  6 giant newts (D:1)
  14 goblins
  10 rats
75 creatures vanquished.

Notes
Turn   | Place    | Note
--------------------------------------------------------------
     0 | D:1      | Kaname the Demigod Skald began the quest for the Orb.
     0 | D:1      | Reached XP level 1. HP: 17/17 MP: 5/5
   299 | D:1      | Reached XP level 2. HP: 24/24 MP: 7/7
   320 | D:1      | Learned a level 2 spell: Song of Slaying
   443 | D:1      | Reached skill level 3 in Long Blades
   684 | D:1      | Reached XP level 3. HP: 25/29 MP: 3/8
  1501 | D:2      | Found a shimmering altar of Xom.
  1584 | D:2      | Reached skill level 4 in Long Blades
  1934 | D:2      | Reached XP level 4. HP: 31/36 MP: 5/9
  1939 | D:2      | Learned a level 3 spell: Regeneration
  3485 | D:2      | Found a shimmering altar of Xom.
  3620 | D:3      | Noticed Ijyb
  3640 | D:3      | Killed Ijyb
  3640 | D:3      | Reached skill level 5 in Long Blades
  3640 | D:3      | Reached XP level 5. HP: 37/41 MP: 5/10
  3679 | D:3      | Found a bloodstained altar of Trog.
  3734 | D:3      | Noticed Robin
  3747 | D:3      | Killed Robin
  3812 | D:3      | Found a sparkling altar of Nemelex Xobeh.
  3812 | D:3      | Noticed a steam dragon
  4037 | D:3      | Killed from afar by an orc priest

Action                   |  1- 3 |  4- 6 || total
-------------------------+-------+-------++-------
Melee: Falchion          |   149 |   129 ||   278
 Cast: Infusion          |     7 |     6 ||    13
       Song of Slaying   |       |     1 ||     1
  Use: Scroll            |     1 |     4 ||     5
       Potion            |       |     1 ||     1
 Stab: Sleeping          |     2 |     1 ||     3
  Eat: Chunk             |     3 |     6 ||     9
       Fruit             |       |     1 ||     1
